 Dungeon Sprint DCSS version 0.21-a0-272-g984ae92 (webtiles) character file.

6780 potatolord6000 the Apostle (level 11, -5/112 HPs)
             Began as a Hill Orc Monk on Sept 15, 2017.
             Was a High Priest of Beogh.
             Slain by a very large slime creature (48 damage)
             ... in the Dungeon (Sprint VII: "The Pits").
             The game lasted 00:08:56 (1911 turns).

potatolord6000 the Apostle (Hill Orc Monk)          Turns: 1911, Time: 00:08:57

Health: -5/112     AC: 18    Str: 21    XL:     11   Next: 5%
Magic:  23/23      EV:  9    Int: 13    God:    Beogh [*****.]
Gold:   0          SH:  0    Dex: 13    Spells: 10/10 levels left

rFire    . . .     SeeInvis .   b - +0 great sword
rCold    . . .     Gourm    .   (shield currently unavailable)
rNeg     . . .     Faith    .   x - +4 chain mail
rPois    .         Spirit   .   w - +0 helmet
rElec    .         Reflect  .   (no cloak)
rCorr    .         Harm     .   (no gloves)
MR       .....     NoTele   +   (no boots)
Stlth    ..........             (no amulet)
HPRegen  0.28/turn              q - +3 ring of intelligence
MPRegen  0.18/turn              r - +3 ring of strength

@: no status effects
A: walk on water
a: Smiting, Recall Orcish Followers, Give Item to Named Follower, Renounce
Religion


You were in the Dungeon.
You worshipped Beogh.
Beogh was extremely pleased with you.
You were full.

You visited 1 branch

Inventory:

Hand Weapons
 b - a +0 great sword (weapon)
 j - a +2 falchion of slicing
 v - the +2 halberd "Engeagh" {flame, Dex+2}
   (You found it in the Dungeon)

   It has been specially enchanted to burn those struck by it, causing extra
   injury to most foes and up to half again as much damage against particularly
   susceptible opponents.
   Big, fiery blades are also staple armaments of hydra-hunters.
   It affects your dexterity (+2).
 z - a +2 morningstar of protection
Armour
 p - a +3 scale mail
 w - a +0 helmet (worn)
 x - a +4 chain mail (worn)
 y - a +4 chain mail
Jewellery
 q - a +3 ring of intelligence (left hand)
 r - a +3 ring of strength (right hand)
Scrolls
 i - a scroll of blinking
 k - 2 scrolls of remove curse
 l - 5 scrolls of amnesia
 m - a scroll of summoning
Potions
 a - 2 potions of invisibility
 d - 3 potions of curing
 e - 7 potions of heal wounds
 g - 3 potions of magic
 h - 4 potions of berserk rage
 s - a potion of agility
 t - a potion of haste
 u - a potion of might
Comestibles
 c - 8 bread rations
 n - 40 fruits
 o - 5 meat rations


   Skills:
 + Level 15.3 Fighting
 + Level 14.2 Long Blades
 + Level 13.8 Armour
 - Level 2.4 Dodging
 - Level 1.5 Stealth
 + Level 16.0 Invocations


You had 10 spell levels left.
You didn't know any spells.

Dungeon Overview and Level Annotations

Branches:
Dungeon (1/1)

Altars:
Ashenzari
Cheibriados
Dithmenos
Elyvilon
Fedhas
Gozag
Hepliaklqana
Kikubaaqudgha
Makhleb
Nemelex Xobeh
Okawaru
Qazlal
Ru
Sif Muna
Trog
Uskayaw
Vehumet
Wu Jian
Xom
Yredelemnul
Zin
The Shining One
Beogh
Jiyva
Lugonu


Message History

You barely miss the very large slime creature.
The very large slime creature is heavily wounded.
The very large slime creature hits you!!
Your orc priest hits the very large slime creature.
Your orc warrior hits the very large slime creature!
The merfolk closely misses you.
Unknown command.
You hit the very large slime creature.
The very large slime creature is severely wounded.
The very large slime creature misses you.
You riposte.
You slash the very large slime creature!
The very large slime creature is severely wounded.
Your orc priest hits the very large slime creature.
Your orc warrior hits the very large slime creature!!
The merfolk hits you from afar with a trident!
You slash the very large slime creature!
The very large slime creature is almost dead.
The very large slime creature hits you!!!
You die...

''###### ''# #####
########
..###...###..oo).#
.).##...##..##o..#
#...##'##..###...+
##.......)o.##...# ##
#..###'###...##+## ..#
..##..)÷.##o.#.oo#...#
..+...)...+..+oo@J...+
..##.....##.o#.oo#m..#
#..###'###.o.##'## .f#
##..........##./.# ##
#...##†##.o###...+
...##..o##..##...#
..###...###..')..# ##
##### ########


You could see a very large slime creature, a merfolk, a wandering mushroom, 3
friendly orc warriors and 3 friendly orc priests.

Vanquished Creatures
  Erolcha (D)
  A flayed ghost (D)
  Psyche (D)
  A smoke demon (D)
  A molten gargoyle (D)
  A komodo dragon (D)
  A demonic crawler (D)
  A freezing wraith (D)
  A hellwing (D)
  A tyrant leech (D)
  7 dream sheep (D)
  A tarantella (D)
  A wyvern (D)
  A water moccasin (D)
  A swamp drake (D)
  A floating eye (D)
  An orc warrior (D)
  An eye of draining (D)
  An ogre (D)
  3 wolves (D)
  A crocodile (D)
  A gnoll sergeant (D)
  6 wights (D)
  An orc priest (D)
  An orc wizard (D)
  Terence (D)
  3 worker ants (D)
  6 gnolls (D)
  An ooze (D)
  An orc (D)
  A bat skeleton (D)
  A bat zombie (D)
  A hobgoblin (D)
  5 jackals (D)
  A ball python (D)
  A frilled lizard (D)
  A quokka skeleton (D)
  2 rats (D)
63 creatures vanquished.

Vanquished Creatures (collateral kills)
  A red devil (D)
  A wind drake (D)
  2 dream sheep (D)
  2 orc priests (D)
  3 wolves (D)
  2 wights (D)
  A jackal (D)
12 creatures vanquished.

Vanquished Creatures (others)
  An orc (D)
  An orc priest (D)
2 creatures vanquished.

Grand Total: 77 creatures vanquished

Notes
Turn   | Place    | Note
-------+----------+-------------------------------------------
     0 | D        | potatolord6000 the Hill Orc Monk began the quest for the Orb.
     0 | D        | Reached XP level 1. HP: 19/19 MP: 1/1
    46 | D        | Found a bloodstained altar of Trog.
    46 | D        | Found a deep blue altar of Sif Muna.
    46 | D        | Found a viscous altar of Jiyva.
    46 | D        | Found a hazy altar of Hepliaklqana.
    46 | D        | Found an opulent altar of Gozag.
    47 | D        | Found a glowing golden altar of the Shining One.
    47 | D        | Found a glowing silver altar of Zin.
    47 | D        | Found a basalt altar of Yredelemnul.
    47 | D        | Found a shimmering altar of Xom.
    47 | D        | Found an ornate altar of the Wu Jian Council.
    47 | D        | Found a sacrificial altar of Ru.
    47 | D        | Found a stormy altar of Qazlal.
    47 | D        | Found an iron altar of Okawaru.
    47 | D        | Found a sparkling altar of Nemelex Xobeh.
    47 | D        | Found a burning altar of Makhleb.
    47 | D        | Found a blossoming altar of Fedhas.
    47 | D        | Found a white marble altar of Elyvilon.
    47 | D        | Found a shadowy altar of Dithmenos.
    47 | D        | Found a snail-covered altar of Cheibriados.
    49 | D        | Found a radiant altar of Vehumet.
    49 | D        | Found a corrupted altar of Lugonu.
    49 | D        | Found a roughly hewn altar of Beogh.
    51 | D        | Found an ancient bone altar of Kikubaaqudgha.
    51 | D        | Found a hide-covered altar of Uskayaw.
    51 | D        | Found a shattered altar of Ashenzari.
    59 | D        | Became a worshipper of Beogh the Brigand
    59 | D        | Reached * piety under Beogh
    59 | D        | Reached ** piety under Beogh
    82 | D        | Reached skill level 1 in Armour
    82 | D        | Reached skill level 1 in Invocations
    84 | D        | Noticed a floating eye
    86 | D        | Paralysed by a floating eye for 3 turns
    89 | D        | Killed a floating eye
    89 | D        | Reached skill level 5 in Long Blades
    89 | D        | Reached skill level 5 in Invocations
    89 | D        | Reached XP level 2. HP: 28/31 MP: 1/5
    89 | D        | Reached XP level 3. HP: 34/38 MP: 1/7
    89 | D        | Reached XP level 4. HP: 41/45 MP: 1/8
    91 | D        | Reached *** piety under Beogh
   105 | D        | Reached **** piety under Beogh
   105 | D        | Reached skill level 5 in Armour
   105 | D        | Reached skill level 6 in Invocations
   105 | D        | Reached XP level 5. HP: 30/51 MP: 2/9
   277 | D        | Noticed a wolf
   278 | D        | Killed a wolf
   278 | D        | Reached skill level 7 in Invocations
   280 | D        | Reached skill level 8 in Invocations
   280 | D        | Reached XP level 6. HP: 61/61 MP: 6/12
   291 | D        | Reached ***** piety under Beogh
   298 | D        | Noticed a water moccasin
   303 | D        | Killed a water moccasin
   303 | D        | Reached skill level 9 in Invocations
   303 | D        | Reached XP level 7. HP: 59/70 MP: 3/14
   425 | D        | Noticed a komodo dragon
   437 | D        | Killed a komodo dragon
   437 | D        | Reached skill level 10 in Fighting
   437 | D        | Reached skill level 10 in Invocations
   440 | D        | Noticed Terence
   449 | D        | Killed Terence
   449 | D        | Reached XP level 8. HP: 61/81 MP: 14/16
   467 | D        | Noticed Erolcha
   471 | D        | Killed Erolcha
   471 | D        | Reached skill level 10 in Armour
   471 | D        | Reached skill level 12 in Invocations
   475 | D        | Reached ****** piety under Beogh
   489 | D        | Reached XP level 9. HP: 52/90 MP: 7/18
   540 | D        | Got the +2 halberd "Engeagh" {flame, Dex+2}
   706 | D        | Reached skill level 13 in Invocations
   804 | D        | Noticed a demonic crawler
   804 | D        | Noticed a smoke demon
   808 | D        | Killed a demonic crawler
   810 | D        | Killed a smoke demon
   810 | D        | Reached skill level 14 in Invocations
   992 | D        | Noticed a red devil
   998 | D        | Killed a red devil
   998 | D        | Reached XP level 10. HP: 85/101 MP: 20/20
  1462 | D        | Reached skill level 15 in Invocations
  1545 | D        | Noticed a molten gargoyle
  1549 | D        | Killed a molten gargoyle
  1580 | D        | Noticed Psyche
  1586 | D        | Killed Psyche
  1586 | D        | Reached skill level 15 in Fighting
  1778 | D        | Noticed a flayed ghost
  1784 | D        | Killed a flayed ghost
  1784 | D        | Reached XP level 11. HP: 87/112 MP: 12/22
  1787 | D        | Reached skill level 16 in Invocations
  1911 | D        | Slain by a very large slime creature

Vault maps used:
D:        pitsprint

Skill      XL: |  1  2  3  4  5  6  7  8  9 10 11 |
---------------+----------------------------------+-----
Fighting       | 6 8 9 10 12 13 15 | 15.3
Armour         | 4 5 6 7 9 10 12 13 | 13.8
Invocations    | 5 6 8 9 10 12 14 15 16 | 16.0
Long Blades    | 5 6 7 8 9 11 12 14 | 14.2
Dodging        | |  2.4
Stealth        | |  1.5

Action                   |  1- 3 |  4- 6 |  7- 9 | 10-12 || total
-------------------------+-------+-------+-------+-------++-------
Melee: Falchion          |     5 |    26 |     5 |       ||    36
       Great sword       |       |       |    56 |    52 ||   108
Invok: Smiting           |       |     3 |    11 |    16 ||    30
       Resurrection      |       |       |     1 |     2 ||     3
  Use: Potion            |       |       |     6 |     5 ||    11
       Scroll            |       |       |     1 |       ||     1
 Stab: Sleeping          |     3 |     1 |       |       ||     4
       Distracted        |       |       |     2 |       ||     2
  Eat: Meat ration       |       |       |     2 |       ||     2
Armor: Robe              |       |     6 |       |       ||     6
       Scale mail        |       |    12 |    36 |       ||    48
       Chain mail        |       |       |    18 |    53 ||    71
Dodge: Dodged            |     1 |    28 |    61 |    42 ||   132
       Rpst.: Falchion   |     1 |     7 |       |       ||     8
       Great sword       |       |       |    14 |    14 ||    28

Table legend:
 A = Spawn XP
 B = Non-spawn XP
 C = Spawn XP percentage of total XP
 D = Spawn monster count
 E = Non-spawn monster count
 F = Spawn count percentage of total count
 G = Total turns spent on level
                    A         B        C        D         E        F      G
               +---------+---------+-------+---------+---------+-------+---------
         Total |       0 |    9687 |   0.0 |       0 |      73 |   0.0 |  1911
               +---------+---------+-------+---------+---------+-------+---------
             D |       0 |    9687 |   0.0 |       0 |      73 |   0.0 |  1911
               +---------+---------+-------+---------+---------+-------+---------
